 Dungeon Crawl Stone Soup version 0.26-a0-455-g0958c023ba (webtiles) character file.

Game seed: 14482550282093259833

119 tilp the Sneak (level 4, 0/21 HPs)
             Began as a Spriggan Enchanter on July 28, 2020.
             Slain by an orc priest
             ... wielding a +0 flail
              (8 damage)
             ... on level 5 of the Dungeon.
             The game lasted 00:06:14 (4585 turns).

tilp the Sneak (Spriggan Enchanter)                 Turns: 4585, Time: 00:06:15

Health: 0/21       AC:  3    Str:  4    XL:     4   Next: 73%
Magic:  7/9        EV: 18    Int: 17    God:
Gold:   162        SH:  0    Dex: 16    Spells: 5/8 levels left

rFire    . . .     SeeInvis +   a - +1 dagger
rCold    . . .     Faith    .   (shield restricted)
rNeg     . . .     Spirit   .   b - +1 robe
rPois    .         Reflect  .   (helmet restricted)
rElec    .         Harm     .   (no cloak)
rCorr    .                      (gloves unavailable)
MR       .....                  (boots unavailable)
Stlth    +++.......             (no amulet)
HPRegen  0.07/turn              (no ring)
MPRegen  0.11/turn              (no ring)

@: very quick
A: very small, unfitting armour, see invisible, speed 3
a: no special abilities


You were on level 5 of the Dungeon.
You visited 1 branch of the dungeon, and saw 4 of its levels.

You collected 162 gold pieces.

Inventory:

Hand Weapons
 a - a +1 dagger (weapon)
 e - a +1 vampiric short sword
 m - a cursed -2 dagger
 o - a +0 rapier
Missiles
 c - 89 stones (quivered)
Armour
 b - a +1 robe (worn)
Scrolls
 i - a scroll of identify
 j - a scroll of magic mapping {unknown}
 k - a scroll of blinking {unknown}
 l - a scroll of amnesia {unknown}
 p - a scroll of teleportation {unknown}
 q - a scroll of enchant armour
Potions
 d - a potion of stabbing
 f - a potion of invisibility
 g - a potion of flight
 h - 2 potions of heal wounds
 n - 3 potions of might
 r - 2 potions of curing


   Skills:
 + Level 3.0 Short Blades
 - Level 3.0 Dodging
 + Level 6.1 Stealth
 - Level 2.6 Spellcasting
 + Level 4.8 Hexes


You had 5 spell levels left.
You knew the following spells:

 Your Spells              Type           Power        Failure   Level
a - Corona                Hex            ###....      2%          1
b - Ensorcelled Hibernat  Hex/Ice        ##....       10%         2

Your spell library contained the following spells:

 Spells                   Type           Power        Failure   Level
 Confusing Touch          Hex            ###.....     8%          3
 Tukima's Dance           Hex            ###.....     8%          3
 Dazzling Flash           Conj/Hex       ##....       21%         3


Dungeon Overview and Level Annotations

Branches:
Dungeon (3/15)

Altars:
Yredelemnul


Innate Abilities, Weirdness & Mutations

You are very small and have problems with some larger weapons.
You are too small for most types of armour.
You have supernaturally acute eyesight. (SInv)
You cover ground extremely quickly.


Message History

Unknown command.
The orc priest miscasts a cantrip.
You open the door. The white imp gestures at you. The puff of frost misses you.
The orc barely misses you.
The orc wizard hits you but does no damage.
A sky beast comes into view.
The white imp hits you. The white imp freezes you.
* * * LOW HITPOINT WARNING * * *
There is an open door here.
The sky beast flickers out of sight for a moment.
Okay, then.
Casting: Ensorcelled Hibernation (safe; 10% risk of failure)
Confirm with . or Enter, or press ? or * to list all spells.
Aiming: Ensorcelled Hibernation (safe; 10% risk of failure)
Press: ? - help, Shift-Dir - straight line, f - orc priest
Aim: an orc priest, wielding a +0 flail (lightly wounded, chance to defeat MR: 41%)
The orc priest resists with some effort.
The orc priest hits you with a +0 flail!
You die...

.######
.....####
#......#
#......#
#..?...#
#......#
#..5...#
###o########
#.@Y......
##########


You could see a sky beast (invisible), an orc priest and a white imp.

Vanquished Creatures
  4 adders
  An ooze (D:2)
  3 worms (D:2)
  A dart slug (D:1)
  An orc (D:3)
  6 bats
  6 giant cockroaches
  6 goblins
  7 hobgoblins
  9 jackals
  3 frilled lizards
  5 kobolds
  14 rats
66 creatures vanquished.

Notes
Turn   | Place    | Note
-------+----------+-------------------------------------------
     0 | D:1      | tilp the Spriggan Enchanter began the quest for the Orb.
     0 | D:1      | Reached XP level 1. HP: 9/9 MP: 5/5
   542 | D:1      | Reached XP level 2. HP: 13/13 MP: 6/6
   546 | D:1      | Learned a level 2 spell: Ensorcelled Hibernation
  1387 | D:2      | Reached skill level 5 in Stealth
  1682 | D:2      | Reached XP level 3. HP: 16/16 MP: 2/8
  2059 | D:2      | Found a faded altar of an unknown god.
  3223 | D:2      | Reached XP level 4. HP: 21/21 MP: 9/9
  4205 | D:3      | Found a basalt altar of Yredelemnul.
  4307 | D:3      | Reached skill level 6 in Stealth
  4575 | D:3      | You fall into a shaft and drop 2 floors!
  4575 | D:5      | Entered Level 5 of the Dungeon
  4582 | D:5      | Noticed a sky beast
  4585 | D:5      | Slain by an orc priest

Illustrated notes

Levels and vault maps discovered:
D:1:      dpeg_arrival_signposts, layout_basic, st_stairs_1
D:2:      layout_basic, chequers_ecumenical_altar_simple, grunt_ministairs_2,
          minmay_rat_gold_closets
D:3:      layout_loops_corners, marbit_many_paths
D:5:      layout_basic, portal_sewer_entry_b, nemelex_xobeh_ov_fountains_minmay,
          uniq_edmund

Skill      XL: |  1  2  3  4 |
---------------+-------------+-----
Hexes          | 4 |  4.8
Stealth        | 5 6 |  6.1
Short Blades   | 2 3 |  3.0
Dodging        | |  3.0
Spellcasting   | |  2.6

Action                   |  1- 3 |  4- 6 || total
-------------------------+-------+-------++-------
Melee: Dagger            |   140 |   102 ||   242
 Cast: Corona            |     9 |       ||     9
       Ensorcelled Hiber |    27 |    20 ||    47
  Use: Scroll            |     2 |     6 ||     8
       Potion            |     1 |       ||     1
 Stab: Sleeping          |    19 |    14 ||    33
       Distracted        |     1 |       ||     1
Armor: Robe              |     8 |    13 ||    21
Dodge: Dodged            |   106 |    88 ||   194

Table legend: (Time is in decaauts)
 A = Elapsed time spent in this place.
 B = Non-inter-level travel time spent in this place.
 C = Inter-level travel time spent in this place.
 D = Time resting spent in this place.
 E = Time spent auto-exploring this place.
 F = Levels seen in this place.
 G = Mean time per level.
                   A        B        C        D        E       F      G
               +--------+--------+--------+--------+--------+-----+--------+
         Total |   3739 |   3678 |     61 |   1785 |   1337 |   4 |  934.8 |
       Dungeon |   3739 |   3678 |     61 |   1785 |   1337 |   4 |  934.8 |
               +--------+--------+--------+--------+--------+-----+--------+

Top non-repeatable levels by time:
     D:2: 2474 daAuts
     D:1: 865 daAuts
     D:3: 393 daAuts
     D:5: 6 daAuts
